 Dungeon Crawl Stone Soup version 0.19.0-24-gb05acd6 (webtiles) character file.

511921 keg the Slayer (level 23, -5/204 HPs)
             Began as a Minotaur Fighter on Nov 7, 2016.
             Was the Champion of Okawaru.
             Slain by an azure jelly (12 damage)
             ... created by the Royal Jelly
             ... on level 5 of the Pits of Slime on Nov 21, 2016.
             The game lasted 05:13:31 (64345 turns).

keg the Slayer (Minotaur Fighter)                  Turns: 64345, Time: 05:13:31

Health: -5/204     AC:  0    Str: 34 (35) XL:     23   Next: 94%
Magic:  23/31      EV: 17    Int: 11      God:    Okawaru [******]
Gold:   3665       SH: 35    Dex: 15      Spells: 0 memorised, 34 levels left

rFire  . . .     SeeInvis +     x - +6 demon whip (venom)
rCold  + . .     Gourm    .     K - +4 plate armour {MR+}
rNeg   + . .     Faith    .     N - +8 large shield of Ukaingit {*Drain rCorr Int+8 SInv}
rPois  +         Spirit   .     (helmet unavailable)
rElec  +         Reflect  +     e - +2 cloak {+Inv}
rCorr  +         Harm     .     z - +1 pair of gloves of Awe {rElec Str-2 Slay+2 Stlth+}
MR     +++..     Rnd*Rage +     W - +0 pair of boots of the Swamp {rC+ Str+4 SInv}
Stlth  .......... Rnd*Tele +    U - +2 amulet of reflection
                                L - ring "Izomupte" {+Fly rN+ MR+ Dex+2}
                                Z - +5 ring of strength

@: corroded, very slightly contaminated, hasted, very quick
A: retaliatory headbutt, horns 3, agile 1, berserk 1, blurry vision 1, deformed
body, deterioration 1, dopey 1, frail 1, poison resistance, teleportitis 1, weak
1, no device heal 2, subdued magic 1, MP-powered wands
a: Heroism, Finesse, Renounce Religion, Evoke Invisibility, Evoke Flight
}: 3/15 runes: barnacled, silver, gossamer


You were on level 5 of the Pits of Slime.
You worshipped Okawaru.
Okawaru was exalted by your worship.
You were not hungry.

You visited 9 branches of the dungeon, and saw 44 of its levels.
You also visited: Ice Cave.

You collected 5535 gold pieces.
You spent 1870 gold pieces at shops.

Inventory:

Hand Weapons
 x - a +6 demon whip of venom (weapon)
Missiles
 P - 26 poisoned javelins (quivered)
Armour
 e - a +2 cloak of invisibility (worn)
 r - a +5 shield of reflection
 y - a +1 pair of boots of running
 z - the +1 pair of gloves of Awe (worn) {rElec Str-2 Slay+2 Stlth+}
   (You bought it in a shop on level 2 of the Orcish Mines)

   It affects your strength (-2).
   It affects your accuracy and damage with ranged weapons and melee attacks
   (+2).
   It insulates you from electricity.
   It makes you more stealthy.
 D - +0 shadow dragon scales
 K - a +4 plate armour of magic resistance (worn)
 N - the +8 large shield of Ukaingit (worn) {*Drain rCorr Int+8 SInv}
   (Okawaru gifted it to you on level 5 of the Vaults)

   It affects your intelligence (+8).
   It lets you see invisible.
   It protects you from acid and corrosion.
   It causes draining when unequipped.
 W - the +0 pair of boots of the Swamp (worn) {rC+ Str+4 SInv}
   (You found it on level 6 of the Lair of Beasts)

   It affects your strength (+4).
   It protects you from cold.
   It lets you see invisible.
Jewellery
 a - a cursed +6 ring of dexterity {unknown}
 o - the ring "Exufu" {*Corrode rF- MP+9 Str+10 Dex+6}
   (You took it off a deep elf blademaster on level 3 of the Elven Halls)

   [ring of magical power]

   It affects your strength (+10).
   It affects your dexterity (+6).
   It makes you vulnerable to fire.
   It affects your magic capacity (+9).
   It may corrode you when you take damage.
 q - an uncursed ring of protection from fire
 L - the ring "Izomupte" (right hand) {+Fly rN+ MR+ Dex+2}
   (You found it on level 7 of the Dungeon)

   [ring of flight]

   It affects your dexterity (+2).
   It protects you from negative energy.
   It affects your resistance to hostile enchantments.
   It lets you fly.
 U - a +2 amulet of reflection (around neck)
 X - an uncursed amulet of regeneration
 Z - a +5 ring of strength (left hand)
Wands
 c - a wand of confusion (15/48)
 g - a wand of disintegration (6/24)
 l - a wand of polymorph (11/24)
 H - a wand of heal wounds (2/9)
 O - a wand of iceblast (5/15)
 R - a wand of disintegration (7/24)
Scrolls
 i - 14 scrolls of remove curse
 m - 3 scrolls of magic mapping
 t - 7 scrolls of fog
 v - 7 scrolls of recharging
 w - a scroll of brand weapon
 A - 6 scrolls of amnesia
 B - 8 scrolls of teleportation
 C - 3 scrolls of blinking
 I - 6 scrolls of identify
 Y - 4 scrolls of fear
Potions
 b - 2 potions of resistance
 d - 3 potions of might
 h - a potion of cancellation
 k - 2 potions of cure mutation
 n - 5 potions of brilliance
 s - 15 potions of curing
 u - 5 potions of haste
 E - 7 potions of flight
 F - 4 potions of agility
 G - 3 potions of magic
 J - 3 potions of invisibility
Miscellaneous
 V - 4 boxes of beasts
Comestibles
 f - 30 bread rations
 S - 32 fruits
 T - 11 beef jerkies


   Skills:
 + Level 23.2 Fighting
 + Level 18.6 Maces & Flails
 - Level 16.7 Throwing
 + Level 20.3 Armour
 + Level 15.1 Dodging
 + Level 20.5 Shields
 + Level 6.2 Spellcasting
 + Level 8.5 Evocations


You had 34 spell levels left.
You didn't know any spells.

Dungeon Overview and Level Annotations

Branches:
Dungeon (14/15)            Temple (1/1) D:7            Lair (6/6) D:11
 Shoals (4/4) Lair:2       Spider (4/4) Lair:2        Slime (5/5) Lair:6
    Orc (2/2) D:9             Elf (3/3) Orc:2        Vaults (5/5) D:14
  Crypt (0/3) Vaults:3

Altars:
Ashenzari
Cheibriados
Dithmenos
Elyvilon
Fedhas
Gozag
Hepliaklqana
Kikubaaqudgha
Makhleb
Nemelex Xobeh
Okawaru
Qazlal
Ru
Sif Muna
Trog
Uskayaw
Vehumet
Xom
Yredelemnul
Zin
The Shining One
Beogh
Jiyva

Shops:
D:8 %   Orc:2 [:*[   Elf:1 (%(??   Shoals:3 *?   Vaults:1 (

Portals:
Trove: D:10 (give +3 shadow dragon scales)

Annotations:
Lair:4 exclusion: oklob plant
Slime:5 Royal Jelly


Innate Abilities, Weirdness & Mutations

You reflexively headbutt those who attack you in melee.
You have a pair of large horns on your head.
You are agile. (Dex +2)
You tend to lose your temper in combat.
Scrolls take you a little longer to read.
Armour fits poorly on your strangely shaped body.
Your body sometimes deteriorates upon taking damage.
You are dopey. (Int -2)
You are frail. (-10% HP)
Your system is resistant to poisons. (rPois)
You are occasionally teleported next to monsters.
You are weak. (Str -2)
Potions and wands are poor at restoring your health.
Your spells are a little easier to cast, but a little less powerful.
You expend magic power (3 MP) to strengthen your wands.


Message History

You feel much better.
This wand has 3 charges left.
The acid blob spits acid at you. The splash of acid hits you! You resist.
* * * LOW HITPOINT WARNING * * *
You are splashed with acid!
The acid burns!
You resist.
* * * LOW HITPOINT WARNING * * *
You block the azure jelly's attack. x2; The azure jelly hits you!
* * * LOW HITPOINT WARNING * * *
You block the azure jelly's attack.
Zapping:
H - a wand of heal wounds (3/9)
Press: ? - help, Shift-Dir - straight line, f - you Your system partially rejects the healing.
You feel much better.
This wand has 2 charges left.
The acid blob spits acid at you. The splash of acid hits you! You resist.
* * * LOW HITPOINT WARNING * * *
You are splashed with acid!
The acid burns!
You resist.
* * * LOW HITPOINT WARNING * * *
You block the azure jelly's attack. x2; The azure jelly hits you!
You die...

#....................#
##..................##
#...................## ##
#....................## .#
##...........J........######.##
###........................#...#
#.........<.....................
#................J...............
###..#####......@................
#.# ##............J......... #.
###.................... ##
#....................
#.......J.J..........
##..........J.........
##.....................
#......................
##.....................


You could see 4 acid blobs and 2 azure jellies.

Vanquished Creatures
  An ancient lich (Vaults:5)
  Mara (Elf:3)
  2 golden dragons (Vaults:5)
  Nikola (Spider:4)
  A lich (Vaults:2)
  Jorgrun (Shoals:4)
  2 tentacled monstrosities (Vaults:5)
  A quicksilver dragon (Vaults:5)
  A titan (Vaults:5)
  2 deep elf blademasters (Elf:3)
  An acid blob (shapeshifter) (Vaults:5)
  14 acid blobs
  3 sphinxes (Vaults:5)
  3 krakens (Shoals:4)
  Gastronok (Lair:3)
  Frances (Shoals:1)
  5 tengu reavers
  An ancient champion (Vaults:3)
  Agnes (Spider:4)
  Roxanne (D:14)
  Kirke (Spider:4)
  2 storm dragons (Vaults:5)
  2 fire giants
  Ilsuiw (Shoals:4)
  3 shadow dragons (Vaults:5)
  Donald (Orc:2)
  8 azure jellies
  5 deep elf sorcerers
  8 emperor scorpions
  24 vault wardens
  2 orc warlords (Orc:2)
  4 ghost moths (Spider:4)
  6 frost giants (Vaults:5)
  5 deep elf elementalists
  22 ironheart preservers
  11 stone giants
  3 very ugly things (Vaults:4)
  3 war gargoyles (Vaults:5)
  6 entropy weavers
  6 deep elf demonologists (Elf:3)
  2 spark wasps
  8 deep elf annihilators
  A white draconian (IceCv)
  A spark wasp (shapeshifter) (Vaults:4)
  9 deep elf death magi
  5 death oozes (Slime:5)
  7 merfolk javelineers (Shoals:4)
  Josephine (Lair:5)
  6 merfolk impalers
  A fire dragon (Vaults:2)
  4 ettins
  12 yaktaur captains
  6 deep elf high priests
  10 ogre magi
  5 great orbs of eyes
  5 ice dragons
  An ice dragon (shapeshifter) (Vaults:5)
  Fannar (Lair:2)
  Harold (Lair:3)
  A ghost crab (shapeshifter) (Vaults:4)
  42 vault guards
  3 hydras
  An alligator snapping turtle (Shoals:4)
  A catoblepas (Shoals:2)
  3 centaur warriors
  25 dancing weapons
  A death knight (Vaults:5)
  4 merfolk avatars
  2 merfolk aquamancers (Shoals:4)
  9 death yaks
  3 deep troll shamans
  5 deep troll earth magi
  5 orc high priests (Orc:2)
  A vampire mage (Vaults:3)
  A tengu warrior (D:13)
  Sonja (Orc:2)
  23 deep elf knights
  Nergalle (Orc:1)
  The ghost of Drunkenshrew the Cleaver, a novice MiBe of Trog (D:8)
  A fire crab (Lair:5)
  8 hell knights
  10 sea snakes
  2 shadow wraiths
  3 unseen horrors
  21 deep trolls
  20 harpies
  8 wizards
  10 deep elf archers
  2 tengu zombies (Vaults:4)
  Pikel (D:8)
  4 phantasmal warriors
  3 hill giants
  2 necromancers
  A lindwurm (Lair:6)
  18 ironbrand convokers
  11 orc knights
  30 wolf spiders
  A wolf spider zombie (D:12)
  17 orb spiders
  6 orc sorcerers (Orc:2)
  75 deep elf magi
  10 manticores
  25 ugly things
  2 oklob plants (Shoals:2)
  A manticore (shapeshifter) (Vaults:4)
  A frost giant zombie (Vaults:4)
  12 fauns
  7 shining eyes
  A faun (shapeshifter) (Vaults:5)
  An elephant (shapeshifter) (Vaults:1)
  15 sirens
  13 cyclopes
  21 elephants
  A moth of wrath (Spider:4)
  2 molten gargoyles (D:14)
  11 water nymphs
  Joseph (D:8)
  19 vault sentinels
  2 gargoyles
  6 black mambas
  An ice statue (IceCv)
  8 spiny frogs
  An eye of devastation (Slime:4)
  8 torpor snails
  A kobold demonologist (D:14)
  3 komodo dragons
  A yaktaur (shapeshifter) (D:14)
  3 efreet
  13 demonic crawlers
  6 freezing wraiths
  42 yaktaurs
  5 rime drakes
  3 meliai (D:13)
  A tengu conjurer (Vaults:2)
  28 polar bears
  The ghost of Pepeogr the Poker, an amateur DrMo (D:5)
  25 merfolk
  13 trolls
  Grinder (D:5)
  35 jumping spiders
  11 hornets
  4 tyrant leeches (Lair:6)
  8 blink frogs (Lair:6)
  6 wind drakes
  82 slime creatures
  9 snapping turtles
  A polar bear (shapeshifter) (Elf:1)
  12 two-headed ogres
  4 raiju (Lair:6)
  A snapping turtle (shapeshifter) (Vaults:5)
  8 hippogriffs
  3 air elementals
  17 dream sheep
  A raiju (shapeshifter) (Vaults:1)
  13 water elementals
  7 wraiths
  A human (Spider:4)
  A vampire (D:13)
  65 redbacks
  33 tarantellas
  A yak (shapeshifter) (Vaults:5)
  2 tarantellas (shapeshifter)
  A basilisk (Lair:3)
  46 yaks
  A hog (shapeshifter) (Vaults:3)
  4 hogs
  3 hungry ghosts
  2 fire elementals
  A steam dragon (D:11)
  12 vampire mosquitoes
  7 mottled dragons
  A soldier ant (D:12)
  11 wargs
  2 insubstantial wisps (Lair:3)
  13 hell hounds
  8 porcupines
  10 water moccasins
  A floating eye (Slime:5)
  7 swamp worms (Lair:6)
  14 black bears
  An ettin simulacrum (Vaults:4)
  6 eyes of draining
  4 ice beasts
  59 orc warriors
  6 sky beasts
  A black bear (shapeshifter) (Vaults:5)
  4 phantoms
  61 ogres
  3 necrophages
  7 boggarts
  33 wolves
  9 centaurs
  13 crocodiles
  11 bullfrogs
  7 big kobolds
  3 earth elementals
  A wyvern skeleton (D:14)
  5 scorpions
  2 water moccasin zombies
  An elf simulacrum (Vaults:4)
  15 killer bees
  2 howler monkeys (D:7)
  12 wights
  8 electric eels
  3 crimson imps
  5 lava snakes (D:14)
  A bullfrog zombie (D:5)
  6 centaur zombies
  A quasit (D:9)
  A hound (shapeshifter) (Vaults:4)
  19 hounds
  36 orc priests
  4 centaur skeletons
  3 jellies
  A gnoll shaman (D:7)
  2 bullfrog skeletons
  5 iguanas
  14 worker ants
  32 orc wizards
  A hound zombie (D:11)
  2 hound skeletons
  A worker ant zombie (D:5)
  6 gnolls
  9 adders
  2 shadow imps
  2 oozes
  2 adder skeletons
  2 adder zombies
  11 worms (Lair:6)
  5 dart slugs
  3 leopard geckos
  140 orcs
  7 giant cockroaches
  5 goblins
  7 hobgoblins
  5 quokkas
  2 ball pythons
  13 bats
  6 frilled lizards
  A jackal skeleton (D:8)
  19 kobolds
  A quokka zombie (D:5)
  10 rats
  A fungus (Lair:6)
  13 plants
  7 tentacles (Shoals:4)
2114 creatures vanquished.

Vanquished Creatures (collateral kills)
  A fungus (Lair:6)
1 creature vanquished.

Vanquished Creatures (others)
  Polyphemus (Shoals:2)
  2 deep elf master archers (Elf:3)
  3 stone giants
  2 yaktaur captains (Vaults:5)
  A centaur warrior (Vaults:3)
  2 satyrs
  2 harpies (Shoals:4)
  A deep elf archer (Elf:3)
  2 cyclopes
  8 yaktaurs
  A jumping spider (Spider:1)
  2 merfolk (Shoals:2)
  An air elemental (Elf:1)
  2 humans (Spider:4)
  3 slaves (D:8)
  An ogre (Vaults:1)
  A worker ant (D:6)
  An adder (D:6)
  A kobold (D:14)
  2 crawling corpses (Elf:1)
  18 fungi
  47 plants
  42 tentacles (Shoals:4)
146 creatures vanquished.

Grand Total: 2261 creatures vanquished

Notes
Turn   | Place    | Note
-------+----------+-------------------------------------------
     0 | D:1      | keg the Minotaur Fighter began the quest for the Orb.
     0 | D:1      | Reached XP level 1. HP: 19/19 MP: 0/0
    14 | D:1      | Reached XP level 2. HP: 19/27 MP: 1/1
   461 | D:1      | Found a glowing golden altar of the Shining One.
   522 | D:1      | Reached XP level 3. HP: 30/33 MP: 2/2
   840 | D:2      | Reached skill level 4 in Fighting
  1143 | D:2      | Reached XP level 4. HP: 40/40 MP: 3/3
  2272 | D:3      | Noticed an ogre
  2280 | D:3      | Killed an ogre
  2280 | D:3      | Reached skill level 5 in Armour
  2280 | D:3      | Reached XP level 5. HP: 47/47 MP: 4/4
  2412 | D:3      | Found a sacrificial altar of Ru.
  2545 | D:3      | Found a shattered altar of Ashenzari.
  2950 | D:4      | Noticed a phantom
  2974 | D:4      | Killed a phantom
  2974 | D:4      | Reached skill level 1 in Throwing
  2974 | D:4      | Reached XP level 6. HP: 55/55 MP: 5/5
  3009 | D:4      | Reached skill level 5 in Maces & Flails
  3017 | D:4      | Reached skill level 5 in Fighting
  3192 | D:4      | Reached skill level 5 in Shields
  3192 | D:4      | Reached XP level 7. HP: 44/61 MP: 6/6
  3866 | D:5      | Entered Level 5 of the Dungeon
  3870 | D:5      | Noticed Pepeogr's ghost (amateur DrMo)
  3920 | D:5      | Noticed Grinder
  4182 | D:5      | Paralysed by Grinder for 6 turns
  4200 | D:5      | Paralysed by Grinder for 7 turns
  4220 | D:5      | Killed Grinder
  4220 | D:5      | Reached skill level 6 in Fighting
  4220 | D:5      | Reached XP level 8. HP: 35/70 MP: 7/7
  4702 | D:5      | Killed Pepeogr's ghost
  5186 | D:6      | Reached skill level 7 in Fighting
  5204 | D:6      | Found a sparkling altar of Nemelex Xobeh.
  5218 | D:6      | Reached XP level 9. HP: 75/78 MP: 8/8
  6230 | D:7      | Found a staircase to the Ecumenical Temple.
  6241 | Temple   | Entered the Ecumenical Temple
  6444 | D:7      | Got a brightly glowing cloak
  6455 | D:7      | Identified the cursed -6 cloak "Ovoxt" {Int+3} (You found it on level 7 of the Dungeon)
  6526 | D:7      | Got a clouded steel ring
  6531 | D:7      | Identified the ring "Izomupte" {+Fly rN+ MR+ Dex+2} (You found it on level 7 of the Dungeon)
  6747 | D:7      | Found a shadowy altar of Dithmenos.
  6748 | D:7      | Found an iron altar of Okawaru.
  6795 | D:7      | Became a worshipper of Warmaster Okawaru
  7064 | D:8      | Noticed Pikel
  7092 | D:8      | Killed Pikel
  7092 | D:8      | Reached skill level 8 in Fighting
  7092 | D:8      | Reached skill level 10 in Maces & Flails
  7118 | D:8      | Found Etirusotz's Food Emporium.
  7132 | D:8      | Reached * piety under Okawaru
  7140 | D:8      | Reached skill level 5 in Throwing
  7278 | D:8      | Reached XP level 10. HP: 56/87 MP: 9/9
  7431 | D:8      | Bought 2 fruits for 39 gold pieces
  7431 | D:8      | Bought 3 fruits for 58 gold pieces
  7431 | D:8      | Bought a beef jerky for 19 gold pieces
  7431 | D:8      | Bought a slice of pizza for 19 gold pieces
  7462 | D:8      | Noticed Joseph
  7471 | D:8      | Noticed Drunkenshrew's ghost (novice MiBe)
  7477 | D:8      | Killed Joseph
  7506 | D:8      | Killed Drunkenshrew's ghost
  7506 | D:8      | Reached ** piety under Okawaru
  7710 | D:8      | Found a shimmering altar of Xom.
  7710 | D:8      | Found a shimmering altar of Xom.
  7710 | D:8      | Found a shimmering altar of Xom.
  7710 | D:8      | Found a shimmering altar of Xom.
  7999 | D:8      | Upgraded the game from 0.19.0-2-gae57169 to 0.19.0-16-g73b5abf
  8316 | D:9      | Found a staircase to the Orcish Mines.
  8374 | D:9      | Reached skill level 9 in Fighting
  8421 | D:9      | Reached *** piety under Okawaru
  9290 | D:10     | Entered Level 10 of the Dungeon
  9315 | D:10     | Found a portal to a secret trove of treasure.
  9334 | D:10     | Noticed a hill giant
  9341 | D:10     | Killed a hill giant
  9490 | D:10     | Noticed an ice dragon
  9491 | D:10     | Reached XP level 11. HP: 96/96 MP: 10/10
  9571 | D:10     | Reached **** piety under Okawaru
  9830 | D:10     | Killed an ice dragon
 10715 | D:10     | Upgraded the game from 0.19.0-16-g73b5abf to 0.19.0-19-g8c6edcc
 11014 | D:11     | Killed an unseen horror
 11014 | D:11     | Reached ***** piety under Okawaru
 11133 | D:12     | Reached skill level 10 in Fighting
 11515 | D:11     | Reached skill level 10 in Shields
 11581 | D:11     | Reached skill level 10 in Armour
 11649 | D:11     | Found a staircase to the Lair.
 11750 | D:11     | Noticed a white ugly thing
 11760 | D:11     | Killed a white ugly thing
 11760 | D:11     | Received a gift from Okawaru
 12362 | Lair:1   | Entered Level 1 of the Lair of Beasts
 12706 | Lair:1   | Identified the Almanac of Summoning and Flight
 13208 | Lair:1   | Reached XP level 12. HP: 80/107 MP: 11/11
 13536 | Lair:2   | Noticed Fannar
 13549 | Lair:2   | Killed Fannar
 13705 | Lair:2   | Found a hole to the Spider Nest.
 13915 | Lair:2   | Found a staircase to the Shoals.
 14584 | Orc:1    | Entered Level 1 of the Orcish Mines
 14584 | Orc:1    | Found a roughly hewn altar of Beogh.
 14584 | Orc:1    | Noticed Nergalle
 14610 | Orc:1    | Killed Nergalle
 15432 | Orc:2    | Entered Level 2 of the Orcish Mines
 15491 | Orc:2    | Reached skill level 11 in Fighting
 15552 | Orc:2    | Noticed Donald
 15578 | Orc:2    | Killed Donald
 15578 | Orc:2    | Received a gift from Okawaru
 15935 | Orc:2    | Found a roughly hewn altar of Beogh.
 16183 | Orc:2    | Found Hyraemit's Antique Armour Boutique.
 16212 | Orc:2    | Bought a heavily runed cloak for 370 gold pieces
 16230 | Orc:2    | Identified the +1 cloak of Pleasant Breezes {rC++ Slay-5} (You bought it in a shop on level 2 of the Orcish Mines)
 16305 | Orc:2    | Found Hyseedeu's Book Shop.
 16757 | Orc:2    | Noticed an orc high priest
 17001 | Orc:1    | Reached skill level 15 in Maces & Flails
 17001 | Orc:1    | Reached XP level 13. HP: 95/116 MP: 12/12
 17654 | Orc:2    | Noticed Sonja
 17691 | Orc:2    | Killed Sonja
 18007 | Orc:2    | Found a staircase to the Elven Halls.
 18098 | Orc:2    | Received a gift from Okawaru
 18268 | Orc:2    | Found a roughly hewn altar of Beogh.
 18271 | Orc:2    | Noticed an orc warlord
 18574 | Orc:2    | Killed an orc warlord
 18811 | Orc:2    | Found Relav's General Store.
 19119 | Orc:2    | Found Hagaiqan's Armour Boutique.
 19138 | Orc:2    | Reached skill level 12 in Fighting
 19312 | Orc:2    | Bought the +1 pair of gloves of Awe {rElec Str-2 Slay+2 Stlth+} for 366 gold pieces
 19741 | Orc:2    | Noticed an orc warlord
 19771 | Orc:2    | Killed an orc warlord
 19788 | Orc:2    | Received a gift from Okawaru
 20541 | Lair:3   | Noticed Gastronok
 20557 | Lair:3   | Killed Gastronok
 20708 | Lair:3   | Noticed Harold
 21028 | Lair:3   | Killed Harold
 21309 | Lair:3   | Reached XP level 14. HP: 123/127 MP: 13/13
 21993 | Lair:4   | Noticed Josephine
 22121 | Lair:5   | Received a gift from Okawaru
 22149 | Lair:5   | Killed Josephine
 22149 | Lair:5   | Reached skill level 10 in Throwing
 23035 | Lair:5   | Reached ****** piety under Okawaru
 23041 | Lair:5   | Received a gift from Okawaru
 23057 | Lair:5   | Got a bloodstained ring mail {god gift}
 23070 | Lair:5   | Identified the +1 ring mail of the Devil's Advocate {rCorr Dex+2} (Okawaru gifted it to you on level 5 of the Lair of Beasts)
 23405 | Lair:6   | Entered Level 6 of the Lair of Beasts
 23806 | Lair:6   | Found a staircase to the Slime Pits.
 23806 | Lair:6   | Found a viscous altar of Jiyva.
 23884 | Lair:6   | Reached skill level 13 in Fighting
 24119 | Lair:6   | Found a runed door.
 25168 | Lair:6   | Reached XP level 15. HP: 122/136 MP: 14/14
 25264 | Lair:6   | Received a gift from Okawaru
 25380 | Lair:6   | Identified a scroll of acquirement
 25455 | Lair:6   | Got a pair of fine boots
 25466 | Lair:6   | Identified the +0 pair of boots of the Swamp {rC+ Str+4 SInv} (You found it on level 6 of the Lair of Beasts)
 27037 | D:12     | Received a gift from Okawaru
 27320 | D:13     | Got a pair of transparent boots
 27331 | D:13     | Identified the +1 pair of boots of Awe {Dex+3} (You found it on level 13 of the Dungeon)
 27638 | D:13     | Found a frozen archway.
 27657 | IceCv    | Entered an ice cave
 27893 | IceCv    | Reached skill level 14 in Fighting
 28118 | IceCv    | Reached skill level 1 in Dodging
 29208 | D:14     | Received a gift from Okawaru
 29236 | D:14     | Found a gate to the Vaults.
 29350 | D:14     | Noticed Roxanne
 29365 | D:14     | Killed Roxanne
 29366 | D:14     | Identified Roxanne's Papyrus of Stones (You took it off Roxanne on level 14 of the Dungeon)
 29407 | D:14     | Received a gift from Okawaru
 29630 | D:14     | Received a gift from Okawaru
 29660 | D:14     | Reached skill level 15 in Fighting
 30234 | D:14     | Reached XP level 16. HP: 141/149 MP: 15/15
 30744 | Shoals:1 | Entered Level 1 of the Shoals
 30918 | Shoals:1 | Noticed Frances
 30933 | Shoals:1 | Killed Frances
 31302 | Shoals:1 | Gained mutation: You are agile. (Dex +2) [potion of beneficial mutation]
 32077 | Shoals:2 | Found a sacrificial altar of Ru.
 32380 | Shoals:2 | HP: 5/149 [acid (13)]
 33133 | Shoals:2 | Reached skill level 5 in Dodging
 33137 | Shoals:2 | Noticed Polyphemus
 33152 | Shoals:2 | Killed Polyphemus
 33659 | Shoals:2 | Reached skill level 15 in Armour
 33783 | Shoals:2 | Found an iron altar of Okawaru.
 34386 | Shoals:2 | Received a gift from Okawaru
 34407 | Shoals:2 | Reached skill level 16 in Fighting
 34817 | Shoals:3 | Reached skill level 15 in Shields
 34959 | Shoals:3 | Found Pyrhujyu's Assorted Antiques.
 34975 | Shoals:3 | Found Ogameog's Magic Scroll Boutique.
 35037 | Shoals:3 | Received a gift from Okawaru
 35051 | Shoals:3 | Bought a scroll of enchant armour for 150 gold pieces
 35051 | Shoals:3 | Bought a scroll of teleportation for 60 gold pieces
 35510 | Shoals:4 | Entered Level 4 of the Shoals
 35891 | Shoals:4 | Identified Sif Muna's Compendium of the Poisonous Oath
 36240 | Shoals:4 | Reached XP level 17. HP: 87/160 MP: 16/16
 36243 | Shoals:4 | Noticed Ilsuiw
 36794 | Shoals:4 | Killed Ilsuiw
 36794 | Shoals:4 | Received a gift from Okawaru
 36842 | Shoals:4 | Identified Qofene's Tome of the Glacier and Transmigration
 36882 | Shoals:4 | Noticed Jorgrun
 36883 | Shoals:4 | Noticed a kraken
 36895 | Shoals:4 | Killed Jorgrun
 36906 | Shoals:4 | Received a gift from Okawaru
 36926 | Shoals:4 | Reached skill level 17 in Fighting
 37300 | Shoals:4 | Killed a kraken
 37400 | Shoals:4 | Got a barnacled rune of Zot
 37563 | Shoals:4 | Noticed a kraken
 37596 | Shoals:4 | Killed a kraken
 37763 | Shoals:4 | Noticed a kraken
 37793 | Shoals:4 | Killed a kraken
 38176 | Elf:1    | Entered Level 1 of the Elven Halls
 38199 | Elf:1    | Found Ofuy's Food Shoppe.
 38239 | Elf:1    | Received a gift from Okawaru
 38273 | Elf:1    | Identified the Compendium of Confrontation
 38413 | Elf:1    | Found Odwuf's Magic Scroll Boutique.
 38425 | Elf:1    | Bought a scroll of torment for 112 gold pieces
 38431 | Elf:1    | Bought a scroll of enchant armour for 112 gold pieces
 38431 | Elf:1    | Bought a scroll of enchant weapon for 112 gold pieces
 38431 | Elf:1    | Bought a scroll of enchant armour for 112 gold pieces
 38444 | Elf:1    | Bought a scroll of identify for 30 gold pieces
 38444 | Elf:1    | Bought a scroll of magic mapping for 52 gold pieces
 38444 | Elf:1    | Bought a scroll of identify for 30 gold pieces
 38540 | Elf:1    | Found Jiv Xopt's Magic Scroll Shop.
 38623 | Elf:1    | Bought a scroll of identify for 34 gold pieces
 38623 | Elf:1    | Bought a scroll of identify for 34 gold pieces
 38623 | Elf:1    | Bought a scroll of blinking for 127 gold pieces
 38623 | Elf:1    | Bought a scroll of identify for 34 gold pieces
 39267 | Elf:1    | Found Xeegh's Antique Weapon Shop.
 39291 | Elf:1    | Found Harchyevo's Weapon Emporium.
 39442 | Elf:2    | Received a gift from Okawaru
 39442 | Elf:2    | Reached skill level 18 in Fighting
 39642 | Elf:2    | Found a runed gate.
 39644 | Elf:2    | Found a runed gate.
 39647 | Elf:2    | Found a runed gate.
 39786 | Elf:2    | Reached XP level 18. HP: 141/172 MP: 17/17
 40904 | Elf:3    | Entered Level 3 of the Elven Halls
 40995 | Elf:3    | Received a gift from Okawaru
 41150 | Elf:3    | Noticed Mara
 41184 | Elf:3    | Reached skill level 19 in Fighting
 41730 | Elf:3    | Received a gift from Okawaru
 41733 | Elf:3    | Got a fine flail {god gift}
 41760 | Elf:3    | Identified the +1 flail "Xehitz" {speed, rElec rPois MR++ Str-2} (Okawaru gifted it to you on level 3 of the Elven Halls)
 41829 | Elf:3    | Noticed a Hell Sentinel
 42360 | Elf:3    | Got a distressingly furry scale mail
 42372 | Elf:3    | Identified the +5 scale mail "Gaqecin" {rC- MR+ Str+4} (You took it off a deep elf high priest on level 3 of the Elven Halls)
 42384 | Elf:3    | Got a fine iron ring
 42393 | Elf:3    | Identified the ring "Exufu" {*Corrode rF- MP+9 Str+10 Dex+6} (You took it off a deep elf blademaster on level 3 of the Elven Halls)
 42426 | Elf:3    | Noticed an Ice Fiend
 42431 | Elf:3    | Noticed a Tzitzimitl
 42994 | Elf:3    | Received a gift from Okawaru
 43098 | Elf:3    | Killed Mara
 43098 | Elf:3    | Received a gift from Okawaru
 43102 | Elf:3    | Got a crystal dire flail {freeze}
 43294 | Elf:3    | Identified the cursed +2 dire flail "Legoekleruw" {freeze, +Fly Dex+3} (You took it off a deep elf annihilator on level 3 of the Elven Halls)
 43364 | Elf:3    | Noticed a Brimstone Fiend
 43365 | Elf:3    | Reached XP level 19. HP: 149/184 MP: 18/18
 43489 | Elf:3    | Got a slimy platinum ring
 43498 | Elf:3    | Reached skill level 10 in Dodging
 43516 | Elf:3    | Identified the ring of Uceits {+Inv rF+ Str-2 Int+3 Stlth-} (You found it on level 3 of the Elven Halls)
 43788 | Elf:3    | Received a gift from Okawaru
 44056 | Spider:1 | Entered Level 1 of the Spider Nest
 44971 | Spider:2 | Reached skill level 20 in Fighting
 45354 | Spider:2 | Received a gift from Okawaru
 45376 | Spider:2 | Identified a +1 pair of boots of running (Okawaru gifted it to you on level 2 of the Spider Nest)
 46591 | Spider:4 | Entered Level 4 of the Spider Nest
 46839 | Spider:4 | Noticed Nikola
 46947 | Spider:4 | Killed Nikola
 47270 | Spider:4 | Noticed Kirke
 47305 | Spider:4 | Killed Kirke
 47466 | Spider:4 | Received a gift from Okawaru
 47503 | Spider:4 | Paralysed by a hornet for 3 turns
 47902 | Spider:4 | Noticed Agnes
 47911 | Spider:4 | Killed Agnes
 47982 | Spider:4 | Reached XP level 20. HP: 186/195 MP: 0/19
 48015 | Spider:4 | Reached skill level 21 in Fighting
 48065 | Spider:4 | Got a gossamer rune of Zot
 48457 | Vaults:1 | Entered Level 1 of the Vaults
 48480 | Vaults:1 | Received a gift from Okawaru
 49708 | Vaults:1 | Received a gift from Okawaru
 49723 | Vaults:1 | Reached skill level 15 in Throwing
 49746 | Vaults:1 | Found Xamneragh's Weapon Boutique.
 51040 | Vaults:2 | Reached skill level 1 in Evocations
 51242 | Vaults:2 | Found a radiant altar of Vehumet.
 51485 | Vaults:2 | Reached skill level 1 in Spellcasting
 51505 | Vaults:2 | Received a gift from Okawaru
 51997 | Vaults:2 | Reached XP level 21. HP: 150/206 MP: 22/22
 52006 | Vaults:2 | Paralysed by a hornet for 2 turns
 53634 | Vaults:3 | Reached skill level 22 in Fighting
 53831 | Vaults:3 | Gained mutation: You have a pair of large horns on your head. [potion of beneficial mutation]
 53834 | Vaults:3 | Gained mutation: Your system is resistant to poisons. (rPois) [potion of beneficial mutation]
 54007 | Vaults:3 | Received a gift from Okawaru
 54021 | Vaults:3 | Got a polished flail {god gift}
 54027 | Vaults:3 | Identified the +7 flail of Hacking and Slashing {flame, rC+ MR+ MP-9 Int+10} (Okawaru gifted it to you on level 3 of the Vaults)
 54200 | Vaults:3 | Gained mutation: You are very agile. (Dex +4) [potion of beneficial mutation]
 54399 | Vaults:3 | Found a staircase to the Crypt.
 54936 | Vaults:4 | Identified the Catalogue of Creative Flight
 55133 | Vaults:4 | Received a gift from Okawaru
 55510 | Vaults:4 | Received a gift from Okawaru
 55591 | Vaults:4 | Reached skill level 5 in Evocations
 55655 | Vaults:4 | Received a gift from Okawaru
 55769 | Vaults:4 | Reached XP level 22. HP: 215/215 MP: 26/26
 55846 | Vaults:4 | Upgraded the game from 0.19.0-19-g8c6edcc to 0.19.0-24-gb05acd6
 56344 | Vaults:5 | Entered Level 5 of the Vaults
 56878 | Vaults:5 | Received a gift from Okawaru
 57075 | Vaults:5 | Got a faintly humming large shield {god gift}
 57282 | Vaults:5 | Identified the +8 large shield of Ukaingit {*Drain rCorr Int+8 SInv} (Okawaru gifted it to you on level 5 of the Vaults)
 57912 | Vaults:5 | Noticed a golden dragon
 57924 | Vaults:5 | Killed a golden dragon
 57955 | Vaults:5 | Reached skill level 5 in Spellcasting
 58092 | Vaults:5 | Reached XP level 23. HP: 163/225 MP: 29/29
 58390 | Vaults:5 | Received a gift from Okawaru
 58699 | Vaults:5 | Got a silver rune of Zot
 58962 | Vaults:5 | Noticed an ancient lich
 58971 | Vaults:5 | Killed an ancient lich
 60116 | Slime:1  | Entered Level 1 of the Pits of Slime
 60194 | Slime:1  | Reached skill level 23 in Fighting
 60438 | Slime:2  | Gained mutation: You are weak. (Str -2) [a shining eye]
 60439 | Slime:2  | Gained mutation: You expend magic power (3 MP) to strengthen your wands. [a shining eye]
 60456 | Slime:2  | Gained mutation: Potions and wands are less effective at restoring your health. [a shining eye]
 60640 | Slime:2  | Lost mutation: You are very agile. (Dex +4) [a shining eye]
 60643 | Slime:2  | Gained mutation: You are dopey. (Int -2) [a shining eye]
 60645 | Slime:2  | Gained mutation: Scrolls take you a little longer to read. [a shining eye]
 60647 | Slime:2  | Gained mutation: You are occasionally teleported next to monsters. [a shining eye]
 60665 | Slime:2  | Gained mutation: Potions and wands are poor at restoring your health. [a shining eye]
 60667 | Slime:2  | Gained mutation: Armour fits poorly on your strangely shaped body. [a shining eye]
 60678 | Slime:2  | Gained mutation: You tend to lose your temper in combat. [a shining eye]
 60681 | Slime:2  | Gained mutation: Your spells are a little easier to cast, but a little less powerful. [a shining eye]
 60967 | Slime:3  | Received a gift from Okawaru
 61475 | Slime:3  | Received a gift from Okawaru
 63094 | Slime:4  | Gained mutation: You are frail. (-10% HP) [a shining eye]
 63095 | Slime:4  | Gained mutation: Your body sometimes deteriorates upon taking damage. [a shining eye]
 63216 | Slime:4  | Reached skill level 15 in Dodging
 63245 | Slime:5  | Entered Level 5 of the Pits of Slime
 63405 | Slime:5  | Paralysed by a floating eye for 2 turns
 63412 | Slime:5  | Paralysed by a floating eye for 3 turns
 63895 | Slime:5  | Found a viscous altar of Jiyva.
 63898 | Slime:5  | Noticed the Royal Jelly
 64344 | Slime:5  | HP: 9/204 [azure jelly[the Royal Jelly] (7)]
 64345 | Slime:5  | Slain by an azure jelly

Skill      XL: |  1  2  3  4  5  6  7  8  9 10 11 12 13 14 15 16 17 18 19 20 21 22 23 |
---------------+----------------------------------------------------------------------+-----
Maces & Flails | 3 4 5 6 8 10 11 13 15 16 17 18 | 18.6
Armour         | 4 5 6 7 8 9 10 11 12 13 14 15 16 17 18 19 20 | 20.3
Fighting       | 4 5 6 7 8 9 10 11 12 13 15 16 18 19 20 21 22 23 | 23.2
Shields        | 4 5 6 7 9 10 11 12 13 14 15 16 17 18 19 20 | 20.5
Throwing       | 1 2 3 4 5 6 7 8 9 10 11 12 13 14 15 16 | 16.7
Dodging        | 3 6 8 9 11 12 13 14 15 | 15.1
Evocations     | 2 5 7 8 |  8.5
Spellcasting   | 1 3 5 6 |  6.2

Action                   |  1- 3 |  4- 6 |  7- 9 | 10-12 | 13-15 | 16-18 | 19-21 | 22-24 || total
-------------------------+-------+-------+-------+-------+-------+-------+-------+-------++-------
Melee: Flail             |     5 |       |       |       |       |    34 |       |       ||    39
       Headbutt          |    11 |    14 |    89 |   305 |   450 |   481 |   686 |   455 ||  2491
       Whip              |    77 |   113 |   430 |  1070 |   467 |       |       |       ||  2157
       Mace              |       |       |       |   157 |   107 |       |       |       ||   264
       Eveningstar       |       |       |       |       |  1030 |       |       |       ||  1030
       Demon whip        |       |       |       |       |    19 |  1378 |  1766 |  1084 ||  4247
Throw: Tomahawk          |       |     3 |    29 |    58 |     1 |       |       |       ||    91
       Javelin           |       |       |       |       |       |    93 |   178 |     7 ||   278
Invok: Heroism           |       |       |       |     6 |     7 |     7 |       |     7 ||    27
 Abil: Evoke Flight      |       |       |       |       |     3 |       |       |       ||     3
Evoke: Wand              |       |       |       |     1 |       |     2 |       |     3 ||     6
  Use: Scroll            |       |     6 |     2 |    15 |    13 |    22 |     5 |     9 ||    72
       Potion            |       |       |     1 |     5 |     3 |    10 |     5 |    11 ||    35
 Stab: Invisible         |       |       |       |       |       |     3 |       |       ||     3
  Eat: Chunk             |     1 |     3 |    10 |    14 |    18 |     1 |       |       ||    47
       Pizza             |       |     2 |       |     3 |       |       |     4 |       ||     9
       Meat ration       |       |       |     1 |       |     5 |     7 |     7 |       ||    20
       Beef jerky        |       |       |       |     3 |     3 |       |       |    15 ||    21
       Fruit             |       |       |       |    15 |     1 |       |       |       ||    16
       Royal jelly       |       |       |       |       |     1 |     1 |     1 |       ||     3
Armor: Scale mail        |    32 |    26 |       |       |       |       |       |       ||    58
       Chain mail        |       |    14 |   116 |   200 |       |       |       |       ||   330
       Crystal plate arm |       |       |       |   290 |   144 |       |       |       ||   434
       Plate armour      |       |       |       |       |   482 |   347 |   383 |   154 ||  1366
Dodge: Dodged            |    23 |    22 |    41 |   168 |   276 |   301 |   379 |   182 ||  1392
Block: Shield            |    34 |    52 |   179 |   618 |   958 |   850 |  1371 |   278 ||  4340
       Reflection        |       |       |       |     7 |    14 |   136 |    79 |    63 ||   299
       Large shield      |       |       |       |       |       |       |       |   630 ||   630
